 Dungeon Crawl Stone Soup version 0.28.0 (webtiles) character file.

Game seed: 15439776451407433938

674 boopmooplesden the Slasher (level 7, -12/61 HPs)
             Began as a Minotaur Fighter on Feb 9, 2022.
             Killed from afar by Ijyb (23 damage)
             ... with a bolt of acid
             ... on level 5 of the Dungeon.
             The game lasted 00:06:50 (4251 turns).

boopmooplesden the Slasher (Minotaur Fighter)       Turns: 4251, Time: 00:06:51

Health: -12/61     AC:  0    Str: 23    XL:     7   Next: 33%
Magic:  6/6        EV: 10    Int:  5    God:
Gold:   210        SH:  4    Dex:  9    Spells: 6/6 levels left

rFire   . . .      SeeInvis +   m - +0 staff of Battle
rCold   . . .      Faith    .   c - +0 buckler
rNeg    + . .      Spirit   .   b - +1 scale mail
rPois   .          Reflect  .   (helmet restricted)
rElec   .          Harm     .   (no cloak)
rCorr   .          Rampage  .   (no gloves)
Will    .....                   (no boots)
Stlth   ..........              (no amulet)
HPRegen 0.20/turn               h - ring of positive energy
MPRegen 0.10/turn               i - ring of see invisible

@: corroded
A: horns 2, retaliatory headbutt
a: no special abilities


You were on level 5 of the Dungeon.
You visited 1 branch of the dungeon, and saw 5 of its levels.

You collected 210 gold pieces.

Inventory:

Hand Weapons
 a - a +0 vorpal long sword
 m - the +0 staff of Battle (weapon)
   (You found it on level 4 of the Dungeon)

   It enhances your conjuration magic.
   It summons a battlesphere in combat, with strength depending on Conjurations
   skill.
   Its strikes trigger the battlesphere's blasts.
 o - the +7 mace "Spider's Bane" {vorpal, Int+6}
   (You found it on level 4 of the Dungeon)

   It inflicts extra damage upon your enemies.
   Int:       It affects your intelligence (+6).
 u - a +2 whip of electrocution
Armour
 b - a +1 scale mail (worn)
 c - a +0 buckler (worn)
Jewellery
 h - a ring of positive energy (left hand)
 i - a ring of see invisible (right hand)
 k - a ring of see invisible
 p - a ring of resist corrosion
Scrolls
 l - 2 scrolls of brand weapon
 q - a scroll of teleportation {unknown}
 r - a scroll of blinking
 s - a scroll of immolation {unknown}
 v - a scroll of amnesia {unknown}
Potions
 d - a potion of might
 e - a potion of berserk rage {unknown}
 f - 2 potions of flight
 g - 2 potions of haste
 j - a potion of attraction
 n - 2 potions of resistance {unknown}
 t - 2 potions of heal wounds {unknown}


   Skills:
 + Level 5.5 Fighting
 + Level 6.0 Long Blades
 + Level 1.4 Staves
 + Level 5.9 Armour
 + Level 2.1 Dodging
 + Level 0.9 Stealth
 + Level 4.5 Shields


You had 6 spell levels left.
You didn't know any spells.
Your spell library contained the following spells:

 Spells                   Type           Power      Damage    Failure   Level
 Ensorcelled Hibernation  Hex/Ice        0%         N/A       94%         2
 Passwall                 Tmut/Erth      0%         N/A       94%         2
 Ignite Poison            Fire/Tmut/Pois 0%         N/A       99%         3
 Mephitic Cloud           Conj/Pois/Air  0%         N/A       99%         3
 Swiftness                Air            0%         N/A       99%         3
 Freezing Cloud           Conj/Ice/Air   0%         6-21      100%        5


Dungeon Overview and Level Annotations

Branches:
Dungeon (5/15)
 Temple: D:4-7

Altars:
Qazlal
Ru

Annotations:
D:5 Ijyb


Innate Abilities, Weirdness & Mutations

You have a pair of horns on your head.
You reflexively headbutt those who attack you in melee.


Message History

There is an open door here.
You open the door.
There is an open door here.
You open the door.
There is an open door here.
v - a scroll labelled KUSEUD WOOCA You open the door.
There is an open door here.
t - 2 smoky ruby potions (gained 1)
You open the door.
There is an open door here.
You now have 210 gold pieces (gained 19).
You see here a +0 leather armour.
You open the door.
There is an open door here.
Found an escape hatch in the floor.
As you open the door, it creaks loudly!
There is an open door here.
You open the door.
There is an open door here.
You open the door.
There is an open door here.
Ijyb the Twisted Goblin comes into view.
She is wielding a +6 spectral club and carrying a wand of acid (9).
You conjure a globe of magical energy.
Ijyb shouts!
Ijyb is nearby!
Ijyb zaps a wand.
The bolt of acid hits you!! The acid corrodes you!
You closely miss Ijyb. Ijyb hits you with a +6 spectral club!
You barely miss Ijyb.
Ijyb zaps a wand.
The bolt of acid hits you! The acid corrodes you! Ijyb misses you.
You closely miss Ijyb. You headbutt Ijyb.
Ijyb is lightly wounded.
Your battlesphere wavers and loses cohesion.
Ijyb hits you with a +6 spectral club!
* * * LOW HITPOINT WARNING * * *
You hit Ijyb but do no damage. Your headbutt misses Ijyb.
Ijyb is lightly wounded.
You conjure a globe of magical energy.
Ijyb zaps a wand.
The bolt of acid hits you!!
You die...

##############
+.............
#.............
########............
........#...g........
........#...○@.......
........#..=*........
........#............
.......#............
#....#..######....
#....'..#....#....
#....#+##....# ...
#............# ..
##+##........#


You could see Ijyb and a friendly battlesphere.

Vanquished Creatures
  Grinder (D:3)
  A necrophage (D:5)
  An ogre (D:4)
  A scorpion (D:4)
  A wyvern skeleton (D:3)
  A centaur zombie (D:4)
  4 gnolls (D:3)
  5 adders
  An adder skeleton (D:4)
  2 worms (D:4)
  3 dart slugs (D:2)
  2 orcs (D:4)
  7 ball pythons
  4 bats
  4 endoplasms
  2 giant cockroaches
  9 goblins
  6 hobgoblins
  4 jackals (D:4)
  2 quokkas
  7 frilled lizards
  10 kobolds
  7 rats
85 creatures vanquished.

Notes
Turn   | Place    | Note
-------+----------+-------------------------------------------
     0 | D:1      | boopmooplesden the Minotaur Fighter began the quest for the
                  | Orb.
     0 | D:1      | Reached XP level 1. HP: 19/19 MP: 0/0
   218 | D:1      | Reached XP level 2. HP: 27/27 MP: 1/1
   766 | D:2      | Reached skill level 3 in Long Blades
   766 | D:2      | Reached XP level 3. HP: 31/33 MP: 2/2
  1506 | D:3      | Found a faded altar of an unknown god.
  1561 | D:3      | Reached XP level 4. HP: 36/40 MP: 3/3
  1696 | D:3      | Reached skill level 4 in Long Blades
  1696 | D:3      | Reached skill level 1 in Dodging
  1778 | D:3      | Found a stormy altar of Qazlal.
  1843 | D:3      | Reached XP level 5. HP: 29/47 MP: 4/4
  2274 | D:3      | Noticed Grinder
  2276 | D:3      | Paralysed by Grinder for 5 turns
  2286 | D:3      | Paralysed by Grinder for 4 turns
  2293 | D:3      | Killed Grinder
  2294 | D:3      | Reached skill level 5 in Fighting
  2294 | D:3      | Reached skill level 5 in Long Blades
  2294 | D:3      | Reached skill level 5 in Armour
  2294 | D:3      | Reached XP level 6. HP: 12/56 MP: 5/5
  2663 | D:4      | Found the +0 staff of Battle
  2939 | D:4      | Identified the +7 mace "Spider's Bane" {vorpal, Int+6}
  2982 | D:4      | Reached skill level 1 in Staves
  2982 | D:4      | Reached XP level 7. HP: 61/61 MP: 6/6
  2994 | D:4      | Found a sacrificial altar of Ru.
  3165 | D:4      | Reached skill level 6 in Long Blades
  3309 | D:4      | Noticed a two-headed ogre
  3981 | D:5      | Entered Level 5 of the Dungeon
  4244 | D:5      | Noticed Ijyb
  4251 | D:5      | Killed from afar by Ijyb

Illustrated notes

Levels and vault maps discovered:
D:1:      lightli_arrival_noodles, layout_basic
D:2:      layout_loops_ring
D:3:      layout_rooms, amcnicky_altar_gilded, nicolae_ecumenical_oubliette,
          kennysheep_pointless_box, uniq_grinder
D:4:      layout_basic, nicolae_ru_awakened_eye
D:5:      layout_gridville, mainiacjoe_overflow_swirl, kennysheep_small_circle,
          uniq_ijyb

Skill      XL: |  1  2  3  4  5  6  7 |
---------------+----------------------+-----
Fighting       | 4 5 |  5.5
Armour         | 4 5 |  5.9
Shields        | 4 |  4.5
Long Blades    | 3 4 5 6 |  6.0
Dodging        | 1 2 |  2.1
Staves         | 1 |  1.4
Stealth        | |  0.9

Action                   |  1- 3 |  4- 6 |  7- 9 || total
-------------------------+-------+-------+-------++-------
Melee: Long sword        |    97 |    37 |       ||   134
       Headbutt          |    15 |    12 |     5 ||    32
       Staff             |       |    21 |    35 ||    56
  Use: Scroll            |     5 |     2 |       ||     7
       Potion            |       |     1 |       ||     1
Armor: Scale mail        |    53 |    21 |    24 ||    98
Dodge: Dodged            |    41 |    41 |    27 ||   109
Block: Buckler           |    20 |    16 |    11 ||    47
